[Event "Team 45 45 League T36"]
[Site "Internet Chess Club"]
[Date "2008.02.11"]
[Round "3"]
[White "McKnights"]
[Black "Ser-Enigma"]
[Result "0-1"]
[WhiteElo "1687"]
[BlackElo "2052"]
[Opening "Sicilian defense"]
[ECO "B30"]
[Time "15:06:27"]
[TimeControl "2700+45"]

1. e4 c5 2. Nf3 Nc6 3. Nc3 e5 4. d3 Bd6 5. Nd5 Nge7 6. Bg5 O-O 7. Nh4 f6 8. Bxf6
gxf6 9. Qg4+ Kh8 10. Qh5 Nxd5 11. Ng6+ Kg7 12. Nxf8 Nf4 13. Qxh7+ Kxf8 14. g3
Ne6 15. h4 Qe7 16. Qh8+ Kf7 17. Be2 Qf8 18. Bh5+ Ke7 19. Qh7+ Kd8 20. Bf7 Ncd4
21. O-O-O Kc7 22. Qg6 b5 23. h5 Bb7 24. h6 Ng5 25. Bd5 Bxd5 26. exd5 Qf7 27. Qg7
Qxg7 28. hxg7 Rg8 29. Rh8 Rxg7 30. Rdh1 e4 31. c3 Ndf3 32. Kc2 exd3+ 33. Kxd3
c4+ 34. Kc2 Re7 35. Ra8 Kb7 36. Rd8 Ne4 37. Rh6 Bc5 38. Rxf6 Nxf6 {White
resigns} 0-1

[Event "Team 45 45 League T36"]
[Site "Internet Chess Club"]
[Date "2008.02.17"]
[Round "3"]
[White "LeSacAttack"]
[Black "onslaught"]
[Result "1/2-1/2"]
[WhiteElo "2207"]
[BlackElo "2158"]
[Opening "Sicilian: Grand Prix attack"]
[ECO "B21"]
[Time "06:55:06"]
[TimeControl "2700+45"]

1. e4 c5 2. f4 d5 3. Nf3 dxe4 4. Ng5 Nf6 5. Bc4 Bg4 6. Bxf7+ Kd7 7. Qxg4+ Nxg4
8. Be6+ Kc6 9. Bxg4 e6 10. Nc3 Bd6 11. O-O Nd7 12. Ncxe4 Qe7 13. Nxd6 Qxd6 14.
d4 Qxd4+ 15. Kh1 Nf6 16. Bf3+ Kb6 17. Nxe6 Qc4 18. Re1 Rhe8 19. f5 a5 20. Be3
Rac8 21. b4 Ka7 22. bxc5 Ka8 23. Rab1 Re7 24. Bd4 h5 25. h3 h4 26. Re5 Rc6 {Game
drawn by mutual agreement} 1/2-1/2

[Event "Team 45 45 League T36"]
[Site "Internet Chess Club"]
[Date "2008.02.08"]
[Round "3"]
[White "SpikeyJ"]
[Black "izit"]
[Result "0-1"]
[WhiteElo "2129"]
[BlackElo "2210"]
[Opening "King's Indian defense, 3.Nc3"]
[ECO "E61"]
[Time "15:33:36"]
[TimeControl "2700+45"]

1. d4 Nf6 2. c4 g6 3. Nc3 Bg7 4. g3 O-O 5. Bg2 d6 6. e4 Nc6 7. h3 a6 8. Nf3 Rb8
9. d5 Na5 10. Qd3 c5 11. O-O b5 12. cxb5 axb5 13. Bf4 Ba6 14. Rfe1 Nh5 15. Bc1
Qb6 16. Qc2 b4 17. Na4 Qa7 18. g4 Nf6 19. Bf1 b3 20. axb3 Bxf1 21. Kxf1 Nxb3 22.
Ra3 Nxc1 23. Rxc1 Rb4 24. Nd2 Nd7 25. Nc4 Qb7 26. f4 f5 27. exf5 gxf5 28. g5
Qxd5 29. Qg2 Qxg2+ 30. Kxg2 Rfb8 31. Rc2 Kf7 32. Kf2 Bd4+ 33. Ke2 Kg6 34. Kd3 e5
35. fxe5 dxe5 36. h4 e4+ 37. Ke2 f4 38. Nd2 Kf5 39. Ra1 f3+ 40. Nxf3 exf3+ 41.
Kxf3 Rb3+ 42. Nc3 Rxb2 43. Rxb2 Rxb2 44. Ra3 Rf2+ 45. Kg3 Rd2 46. Nb5 Ne5 47.
Nd6+ Ke6 48. Ra6 Bf2+ 49. Kh3 Rxd6 {White resigns} 0-1

[Event "Team 45 45 League T36"]
[Site "Internet Chess Club"]
[Date "2008.02.06"]
[Round "3"]
[White "therealwizard"]
[Black "fledermaus"]
[Result "1/2-1/2"]
[WhiteElo "2089"]
[BlackElo "1933"]
[Opening "QGD: Cambridge Springs defense, Yugoslav variation"]
[ECO "D52"]
[Time "23:54:02"]
[TimeControl "2700+45"]

1. d4 d5 2. Nf3 Nf6 3. c4 e6 4. Nc3 Nbd7 5. Bg5 c6 6. e3 Qa5 7. cxd5 Nxd5 8. Qd2
Bb4 9. Rc1 O-O 10. e4 Nxc3 11. bxc3 Ba3 12. Rb1 Re8 13. e5 Qc7 14. Bd3 Nf8 15.
O-O b6 16. Qf4 Be7 17. Bxe7 Qxe7 18. Ng5 Bb7 19. h4 Red8 20. Ne4 Ng6 21. Qg5
Qxg5 22. Nxg5 Nxh4 23. Bxh7+ Kf8 24. Be4 Ke7 25. g3 Nf5 26. Rfe1 Nh6 27. Bh1
Rac8 28. Ne4 Rc7 29. Nd6 Ba8 30. Be4 c5 31. Bxa8 Rxa8 32. Rbc1 Rd8 33. Kg2 Rdd7
34. Red1 Rc6 35. d5 exd5 36. Rxd5 Ke6 37. c4 Ng8 38. Rcd1 Ne7 39. f4 g6 40. g4
f6 41. f5+ gxf5 42. gxf5+ Nxf5 43. Nxf5 Rh7 44. Rd6+ Rxd6 45. Nxd6 Rd7 46. exf6
Rxd6 47. f7 Rxd1 48. f8=Q Rd2+ 49. Kf3 Rxa2 50. Ke3 Kd7 51. Kd3 Kc7 52. Qf7+ Kc6
53. Kc3 Ra3+ 54. Kb2 Ra5 55. Qd5+ Kc7 56. Kb3 Ra6 57. Kc2 Ra3 58. Kb2 Ra5 59.
Qe5+ Kc6 60. Kc2 Ra3 61. Qb8 Kd7 62. Qb7+ Kd6 63. Qc8 Ke7 64. Qc7+ Ke6 {Game
drawn by mutual agreement} 1/2-1/2

[Event "Team 45 45 League T36"]
[Site "Internet Chess Club"]
[Date "2008.02.08"]
[Round "3"]
[White "f5"]
[Black "reb"]
[Result "0-1"]
[WhiteElo "2303"]
[BlackElo "2260"]
[Opening "Sicilian: closed, 6.Be3"]
[ECO "B26"]
[Time "15:07:35"]
[TimeControl "2700+45"]

1. e4 c5 2. Nc3 Nc6 3. g3 g6 4. Bg2 Bg7 5. d3 d6 6. Be3 Rb8 7. Qd2 b5 8. Nge2 b4
9. Nd1 Nd4 10. Nc1 Bg4 11. Bxd4 cxd4 12. f3 Bd7 13. b3 Nh6 14. Nb2 O-O 15. a3
bxa3 16. Rxa3 Qc7 17. Nc4 f5 18. Qa5 Rb7 19. O-O Qxa5 20. Rxa5 Rc7 21. Ne2 fxe4
22. fxe4 Rxf1+ 23. Bxf1 Ng4 24. Bh3 Kf7 25. Nf4 Ne5 26. Bxd7 Rxd7 27. h3 g5 28.
Ne2 Nxc4 29. dxc4 Kg6 30. g4 e6 31. Kg2 Be5 32. Nc1 Bf4 33. Nd3 Kf6 34. Kf3 Be5
35. Nxe5 dxe5 36. Ke2 h6 37. c5 Rh7 38. b4 Rb7 39. b5 Rc7 40. c6 Ke7 41. Kd3 Kd6
42. Kc4 Rf7 43. Kb4 Rc7 44. Ra1 Rf7 45. Ra3 Rh7 46. Rf3 Rc7 47. Rf6 a6 48. Rxh6
axb5 49. Kxb5 Rc8 50. Rh7 Rxc6 51. Rh5 Rxc2 52. Rxg5 Rc8 53. Rg7 d3 {White
resigns} 0-1

[Event "Team 45 45 League T36"]
[Site "Internet Chess Club"]
[Date "2008.02.09"]
[Round "3"]
[White "bbentrup"]
[Black "Zkid"]
[Result "1-0"]
[WhiteElo "2170"]
[BlackElo "2228"]
[Opening "Sicilian: closed, 6.Be3"]
[ECO "B26"]
[Time "21:15:11"]
[TimeControl "2700+45"]

1. e4 c5 2. Nc3 Nc6 3. g3 g6 4. Bg2 Bg7 5. d3 d6 6. Be3 Rb8 7. Qd2 b5 8. Nge2 b4
9. Nd1 Nd4 10. O-O e6 11. Nc1 Ne7 12. c3 bxc3 13. bxc3 Ndc6 14. Bh6 O-O 15. Bxg7
Kxg7 16. Ne3 Ba6 17. Ne2 Qb6 18. f4 Qb2 19. Rad1 f6 20. Rf2 Qxd2 21. Rxd2 Rb1+
22. Rf1 Rfb8 23. Rxb1 Rxb1+ 24. Kf2 e5 25. f5 g5 26. Bf3 Nc8 27. Bh5 Rh1 28. Kg2
Re1 29. Kf2 Rh1 30. Kg2 Rb1 31. Be8 Na5 32. c4 Nb6 33. Nc3 Re1 34. Ned5 Nxd5 35.
Nxd5 Rb1 36. Nc7 Rb6 37. Kf3 Nc6 38. Bxc6 Rxc6 39. Nd5 h5 40. h3 Rc8 41. Rb2 Kf7
42. Rb3 Kg7 43. Ra3 Rc6 44. Rb3 Rc8 45. Ra3 Rc6 46. Ke3 Kf7 47. Rb3 Rc8 48. Ra3
Rc6 49. Kd2 Kg7 50. Rb3 Rc8 51. Ra3 Rc6 52. Kc3 Kf7 53. Rb3 Rc8 54. Ra3 Rc6 55.
Kb3 Kg7 56. Ra5 Kf7 57. Ka4 Kg7 58. Kb3 Kf7 59. Ka3 Kg7 60. Ka4 Kf7 61. a3 Kg7
62. Nc7 Bb7 63. Ne6+ Kg8 64. Rxa7 Ra6+ 65. Rxa6 Bxa6 66. Nc7 Bc8 67. Nb5 Bd7 68.
Ka5 d5 69. cxd5 Kf8 70. Kb6 c4 71. dxc4 Bxf5 72. exf5 e4 73. Kc7 e3 74. Nd4 Kf7
{Black resigns} 1-0

[Event "Team 45 45 League T36"]
[Site "Internet Chess Club"]
[Date "2008.02.09"]
[Round "3"]
[White "palito"]
[Black "Fidius"]
[Result "1/2-1/2"]
[WhiteElo "2131"]
[BlackElo "2051"]
[Opening "English, 1...Nf6 (Anglo-Indian defense)"]
[ECO "A13"]
[Time "02:13:33"]
[TimeControl "2700+45"]

1. c4 Nf6 2. g3 e6 3. Bg2 d5 4. Nf3 c6 5. b3 Be7 6. Bb2 Nbd7 7. O-O O-O 8. d3 b6
9. Nbd2 Bb7 10. e4 dxe4 11. dxe4 Qc7 12. e5 Ne8 13. Qe2 c5 14. Rad1 g6 15. Ne4
Bxe4 16. Qxe4 Ng7 17. Rd3 Rad8 18. Rfd1 f6 19. Qe2 fxe5 20. Nxe5 Nxe5 21. Bxe5
Qc8 22. Bxg7 Kxg7 23. Bh3 Rxd3 24. Rxd3 Rf6 25. Qd2 Rf7 26. Rd7 Bf6 27. Bxe6
Rxd7 28. Bxd7 Qc7 29. Be6 Bd4 30. Qg5 Qd6 31. Qg4 Qe5 32. Kf1 h5 33. Qe2 Kf6 34.
Qxe5+ Kxe5 35. Bf7 Kf5 36. Ke2 Bf6 37. f4 h4 38. Kf3 hxg3 39. hxg3 Bb2 40. g4+
Kf6 41. Be8 g5 42. fxg5+ Kxg5 43. Bd7 Kf6 44. Ke4 Ke7 45. Bb5 Ke6 46. Ba6 Bc3
47. Bc8+ Kd6 48. Kf5 Ke7 49. g5 Bb2 50. g6 Bg7 51. Ke4 Kd6 52. Kd3 Ke5 53. Bd7
Bf6 54. Be8 Bg7 55. a3 a5 56. Bf7 Bf6 57. Ke3 Bg7 58. Kd3 {Game drawn by mutual
agreement} 1/2-1/2

[Event "Team 45 45 League T36"]
[Site "Internet Chess Club"]
[Date "2008.02.12"]
[Round "3"]
[White "GambitBandit"]
[Black "kolibandi"]
[Result "1-0"]
[WhiteElo "2091"]
[BlackElo "2061"]
[Opening "Queen's pawn game"]
[ECO "D04"]
[Time "18:00:58"]
[TimeControl "2700+45"]

1. d4 Nf6 2. Nf3 d5 3. e3 Bg4 4. c4 e6 5. Qb3 Qc8 6. Ne5 Bf5 7. Nc3 c6 8. f3
Nbd7 9. cxd5 exd5 10. e4 Be6 11. Nxd7 Qxd7 12. e5 Ng8 13. Bd3 Ne7 14. O-O Bf5
15. Be2 h5 16. Bg5 Ng6 17. Rac1 Be7 18. Bxe7 Qxe7 19. f4 Nf8 20. Nd1 Ne6 21. Qc3
g5 22. Ne3 Be4 23. f5 Nf4 24. Bd1 Qd7 25. h4 Nd3 26. Rc2 gxh4 27. Rd2 h3 28. g3
Qe7 29. Rxd3 Bxd3 30. Qxd3 Qg5 31. Rf3 O-O-O 32. f6 Kb8 33. Qf5 Qxf5 34. Nxf5
Kc7 35. Kh2 Rh7 36. Kxh3 c5 37. dxc5 Re8 38. Re3 Re6 39. Nd4 Re8 40. Bf3 Rh6 41.
Re2 {Black resigns} 1-0

[Event "Team 45 45 League T36"]
[Site "Internet Chess Club"]
[Date "2008.02.11"]
[Round "3"]
[White "pestka"]
[Black "ranaamasonika"]
[Result "0-1"]
[WhiteElo "2245"]
[BlackElo "2227"]
[Opening "Queen's pawn"]
[ECO "A40"]
[Time "16:02:04"]
[TimeControl "2700+45"]

1. d4 e6 2. g3 d5 3. Bg2 c6 4. Nd2 f5 5. Nh3 Nf6 6. O-O Bd6 7. c4 Ne4 8. Qc2 Nd7
9. Nxe4 fxe4 10. f3 exf3 11. Rxf3 Nf6 12. Bf4 Be7 13. Be5 O-O 14. Ng5 h6 15.
Rxf6 hxg5 16. Rxf8+ Qxf8 17. Rf1 Qe8 18. e4 Qg6 19. Qe2 dxc4 20. Qxc4 Bd7 21.
Qe2 Rf8 22. Qg4 Rxf1+ 23. Bxf1 Bf6 24. Bxf6 gxf6 25. h4 f5 26. exf5 exf5 27.
Bc4+ Kg7 28. Qe2 Qd6 29. Qe3 f4 30. gxf4 gxf4 31. Qe4 Qg6+ 32. Qxg6+ Kxg6 33.
Kf2 Bg4 34. b4 Kh5 35. b5 Kxh4 36. bxc6 bxc6 37. Ba6 Be6 38. a3 Bd5 39. Bc8 Kg5
40. Bh3 Kf6 41. Bg4 Be4 42. Bh3 Ke7 43. Ke1 Kd6 44. Kd2 Kd5 45. Kc3 Bf3 46. Kd3
Be4+ 47. Kc3 Bh1 48. Kd3 Bf3 49. Bf5 Bg2 50. Bg6 Bf1+ 51. Kc3 Bb5 52. Bh5 Ke4
53. Be8 f3 {White resigns} 0-1

[Event "Team 45 45 League T36"]
[Site "Internet Chess Club"]
[Date "2008.02.08"]
[Round "3"]
[White "Gokhtra"]
[Black "Chessrascal"]
[Result "1-0"]
[WhiteElo "2241"]
[BlackElo "2103"]
[Opening "Trompowsky attack (Ruth, Opocenský opening)"]
[ECO "A45"]
[Time "20:00:08"]
[TimeControl "2700+45"]

1. d4 Nf6 2. Bg5 g6 3. Bxf6 exf6 4. e3 Bg7 5. Ne2 d5 6. Nf4 c6 7. Bd3 Be6 8. Nd2
Nd7 9. c4 Nb6 10. h4 f5 11. Rc1 Rc8 12. c5 Nd7 13. Qa4 a6 14. h5 g5 15. h6 Bf6
16. Nh5 Rg8 17. Qc2 Rg6 18. g4 fxg4 19. Bxg6 fxg6 20. Ng3 Qc7 21. Ke2 Kf7 22.
Rce1 Re8 23. Kd1 b6 24. Nb3 bxc5 25. Nxc5 Nxc5 26. Qxc5 Rb8 27. Re2 Be7 28. Qc3
Bb4 29. Qd3 Bd6 30. Rg1 Qa5 31. b3 Bxg3 32. fxg3 Bf5 33. Qd2 Qb5 34. Qc3 Be4 35.
Rf2+ Bf5 36. Kd2 Kg8 37. Rc1 Rc8 38. Qc5 Qd3+ 39. Ke1 Qxe3+ 40. Re2 Qxg3+ 41.
Kd1 Be4 42. Qa7 Qc7 43. Qxc7 Rxc7 44. Re3 Kf8 45. Rec3 Re7 46. Rxc6 Bf3+ 47. Kd2
Re2+ 48. Kd3 Rh2 49. Rc8+ Ke7 50. R1c7+ Kd6 51. Rc6+ Kd7 52. R8c7+ Kd8 53. Rxh7
Be4+ 54. Ke3 Rh3+ 55. Ke2 Rh2+ 56. Ke1 Rh1+ 57. Kd2 Rh2+ 58. Kc1 Bd3 59. Rd6+
Kc8 60. Rf6 Rh1+ 61. Kd2 Rf1 62. Rxf1 Bxf1 63. Rg7 {Black resigns} 1-0

[Event "Team 45 45 League T36"]
[Site "Internet Chess Club"]
[Date "2008.02.09"]
[Round "3"]
[White "frontier"]
[Black "Capamuerte"]
[Result "1-0"]
[WhiteElo "2170"]
[BlackElo "2209"]
[Opening "English: four knights, Nimzovich variation"]
[ECO "A28"]
[Time "12:07:45"]
[TimeControl "2700+45"]

1. c4 e5 2. Nc3 Nc6 3. Nf3 Nf6 4. e4 a6 5. d3 Bc5 6. Nxe5 Nxe5 7. d4 Nxe4 8.
Nxe4 Bb4+ 9. Nc3 Ng6 10. Be2 Bxc3+ 11. bxc3 O-O 12. O-O c6 13. Ba3 d6 14. Rb1 b5
15. Bf3 Qc7 16. Qd3 Be6 17. d5 bxc4 18. Qxc4 Ne5 19. Qf4 cxd5 20. Rbd1 Nc4 21.
Bc1 Qa5 22. Qd4 Rab8 23. Bf4 Rb2 24. Bxd5 Qxa2 25. Bxc4 Bxc4 26. Bxd6 Rd8 27.
Qh4 Rd7 28. Be5 Rxd1 29. Rxd1 f6 30. Rd8+ Kf7 31. Qh5+ Ke6 32. Qe8+ Kf5 33. g4+
Ke4 34. Bg3+ Be6 35. Qc6+ Bd5 36. Rxd5 Qxd5 37. f3+ Ke3 38. Qxd5 Rb1+ 39. Kg2
{Black resigns} 1-0

[Event "Team 45 45 League T36"]
[Site "Internet Chess Club"]
[Date "2008.02.10"]
[Round "3"]
[White "tini3blas"]
[Black "Thor5581"]
[Result "1-0"]
[WhiteElo "2163"]
[BlackElo "1999"]
[Opening "Anderssen's opening"]
[ECO "A00"]
[Time "01:07:08"]
[TimeControl "2700+45"]

1. a3 d5 2. e3 Nf6 3. Ne2 e5 4. d4 Nc6 5. Nbc3 Bd6 6. Nb5 O-O 7. Nxd6 Qxd6 8.
Ng3 e4 9. Be2 Be6 10. O-O Ne7 11. Bd2 a5 12. b3 Rfd8 13. c4 c6 14. c5 Qd7 15.
Qe1 Qc7 16. Rb1 Rdb8 17. f3 Nf5 18. f4 h6 19. Nxf5 Bxf5 20. Qh4 Qe7 21. g4 Bd7
22. Qg3 Nh7 23. f5 b5 24. Bxa5 Re8 25. b4 {Black resigns} 1-0

[Event "Team 45 45 League T36"]
[Site "Internet Chess Club"]
[Date "2008.02.09"]
[Round "3"]
[White "parrot9"]
[Black "wango"]
[Result "1-0"]
[WhiteElo "1672"]
[BlackElo "1518"]
[Opening "Alekhine's defense"]
[ECO "B03"]
[Time "10:19:00"]
[TimeControl "2700+45"]

1. e4 Nf6 2. e5 Nd5 3. d4 d6 4. exd6 exd6 5. Bc4 Nb6 6. Bb3 d5 7. Nf3 Be7 8. O-O
O-O 9. h3 Be6 10. Be3 N8d7 11. c3 Nf6 12. Nbd2 Nbd7 13. Bc2 c5 14. Ne5 Qb6 15.
Rb1 Nxe5 16. dxe5 Nd7 17. f4 d4 18. Bf2 dxc3 19. bxc3 Qc7 20. Qh5 f5 21. exf6
Nxf6 22. Qf3 b6 23. c4 Rad8 24. Rbd1 Nd7 25. Bg3 Bf5 26. Qd5+ Kh8 27. Bxf5 Nb8
28. Qe4 Rd4 29. Qc2 Rfd8 30. Nf3 {Black resigns} 1-0

[Event "Team 45 45 League T36"]
[Site "Internet Chess Club"]
[Date "2008.02.07"]
[Round "3"]
[White "MrCdawg"]
[Black "Mikey29a"]
[Result "0-1"]
[WhiteElo "1382"]
[BlackElo "1661"]
[Opening "Benoni defense"]
[ECO "A61"]
[Time "22:03:16"]
[TimeControl "2700+45"]

1. d4 Nf6 2. c4 c5 3. d5 e6 4. Nc3 exd5 5. cxd5 d6 6. Nf3 g6 7. h3 Bg7 8. e4 O-O
9. Bd3 Na6 10. a3 Nc7 11. O-O a6 12. Qc2 b5 13. b3 b4 14. axb4 cxb4 15. Na4 Nxe4
16. Bb2 Bxb2 17. Nxb2 Nc3 18. Bc4 Bb7 19. Nd3 a5 20. Nxb4 axb4 21. Rxa8 Bxa8 22.
Ra1 Bxd5 23. Ra7 Bxf3 24. gxf3 Qg5+ 25. Kf1 Ne6 26. Bxe6 fxe6 27. Qd3 Qf5 28.
Qc4 Qb5 29. Qxb5 Nxb5 30. Rb7 Nd4 31. Rxb4 Nxf3 32. Rc4 Nd2+ {White resigns} 0-1

[Event "Team 45 45 League T36"]
[Site "Internet Chess Club"]
[Date "2008.02.09"]
[Round "3"]
[White "Invicta-Knight"]
[Black "seldredg"]
[Result "1-0"]
[WhiteElo "1507"]
[BlackElo "1322"]
[Opening "Scandinavian (center counter) defense"]
[ECO "B01"]
[Time "15:01:46"]
[TimeControl "2700+45"]

1. e4 d5 2. exd5 Qxd5 3. d4 Nf6 4. Nc3 Qd6 5. Nf3 a6 6. Bc4 b5 7. Bb3 Bb7 8. Bg5
Nbd7 9. Qd2 e6 10. O-O-O h6 11. Bf4 Qb6 12. Rhe1 Bd6 13. Ne5 O-O-O 14. Nxf7 Bxf4
15. Qxf4 Rhf8 16. Nxd8 Rxd8 17. Rxe6 Qa5 18. f3 b4 19. Na4 Nd5 20. Qf5 Rf8 21.
Rde1 Rd8 22. Nc5 Bc6 23. Rxc6 Nf6 24. Re5 Qb5 25. Ba4 Qf1+ 26. Kd2 Qf2+ 27. Re2
Qxd4+ 28. Ke1 Qg1+ 29. Kd2 Qd4+ 30. Nd3 Nd5 31. Rxa6 Nb6 32. Bxd7+ Kb7 33. Bb5
Rd5 34. Rxb6+ Kxb6 35. Qe4 Kxb5 36. Qxd4 Rxd4 37. Re5+ c5 38. Rxc5+ Kb6 39. Re5
Kc6 40. c3 bxc3+ 41. Kxc3 Rd7 42. b4 Ra7 43. Kb3 Kd6 44. a4 g5 45. b5 Ra8 46.
Kb4 Kc7 47. a5 {Black resigns} 1-0

[Event "Team 45 45 League T36"]
[Site "Internet Chess Club"]
[Date "2008.02.10"]
[Round "3"]
[White "PeteyDaddy"]
[Black "OldBoy"]
[Result "1-0"]
[WhiteElo "1162"]
[BlackElo "1469"]
[Opening "Réti: King's Indian attack (Barcza system)"]
[ECO "A07"]
[Time "10:25:42"]
[TimeControl "2700+45"]

1. Nf3 d5 2. g3 Nf6 3. Bg2 e6 4. O-O Bd6 5. d3 Nc6 6. Nbd2 O-O 7. e4 dxe4 8.
dxe4 e5 9. b3 Qe7 10. Bb2 Bg4 11. Qe1 Bxf3 12. Bxf3 Rad8 13. Nc4 b5 14. Nxd6
cxd6 15. Ba3 Nd4 16. Bd1 Qb7 17. f3 Qb6 18. Rf2 Nxf3+ 19. Bxf3 Rc8 20. Rc1 Rc3
21. Qxc3 {Black resigns} 1-0

[Event "Team 45 45 League T36"]
[Site "Internet Chess Club"]
[Date "2008.02.09"]
[Round "3"]
[White "Duguesclin"]
[Black "Creb"]
[Result "1/2-1/2"]
[WhiteElo "1585"]
[BlackElo "1754"]
[Opening "Dutch defense"]
[ECO "A40"]
[Time "10:58:42"]
[TimeControl "2700+45"]

1. d4 e6 2. c4 f5 3. Nf3 Nf6 4. Bg5 Be7 5. Nc3 O-O 6. e3 d6 7. Be2 Nbd7 8. Qb3
Kh8 9. c5 dxc5 10. Qxe6 cxd4 11. Nxd4 Nb6 12. Qb3 a6 13. O-O Qe8 14. Rfd1 Bd6
15. Qc2 Qg6 16. f4 Nbd5 17. Nxd5 Nxd5 18. Qb3 Nf6 19. Bf3 Ne4 20. Rac1 Nxg5 21.
fxg5 Qxg5 22. Ne6 Bxe6 23. Qxe6 Rae8 24. Qc4 Qxe3+ 25. Kh1 b5 26. Qc3 h6 27. Rd3
Qe5 28. g3 Qxc3 29. Rcxc3 b4 30. Rc6 a5 31. Ra6 Re5 32. Rd5 Rfe8 33. Raxa5 Rxd5
34. Rxd5 Re5 35. Rd3 g5 36. Kg2 g4 37. Bd1 Kg7 38. Rd2 Kf6 39. Bc2 Kg5 40. Rf2
Bc5 41. Rd2 Re1 42. h4+ gxh3+ 43. Kxh3 Rh1+ 44. Kg2 Rg1+ 45. Kh2 Rf1 46. Kg2
Rg1+ 47. Kh2 Rf1 48. Kg2 Rg1+ {Game drawn by repetition} 1/2-1/2

[Event "Team 45 45 League T36"]
[Site "Internet Chess Club"]
[Date "2008.02.10"]
[Round "3"]
[White "GoIrish"]
[Black "clarinetref"]
[Result "0-1"]
[WhiteElo "1555"]
[BlackElo "1682"]
[Opening "Réti: King's Indian attack"]
[ECO "A05"]
[Time "21:03:44"]
[TimeControl "2700+45"]

1. Nf3 Nf6 2. g3 g6 3. Bg2 Bg7 4. O-O O-O 5. d3 d6 6. e4 e5 7. Nc3 c6 8. Nh4 Ng4
9. f4 exf4 10. Bxf4 Qb6+ 11. Kh1 Nf2+ 12. Rxf2 Qxf2 13. Bxd6 Rd8 14. Bf4 Qc5 15.
Qd2 Be6 16. Nf3 Nd7 17. Ng5 Re8 18. Nxe6 Rxe6 19. Bh3 Re7 20. Bg5 Bf6 21. Bf4 b5
22. Rb1 a5 23. Ne2 Qa7 24. c3 Rd8 25. Rf1 Ne5 26. Nc1 Bg7 27. b3 f6 28. Be3 Qb7
29. Bc5 Ree8 30. Be3 Nf7 31. Bg2 Nd6 32. Ne2 Nxe4 33. Qd1 Nxc3 34. Nxc3 Rxe3 35.
Qg4 f5 36. Qg5 Rexd3 37. Rf3 Bxc3 38. Bf1 Rd1 39. Rxf5 c5+ 40. Kg1 Bd4+ 41. Rf2
Bxf2+ 42. Kxf2 Rf8+ {White resigns} 0-1

[Event "Team 45 45 League T36"]
[Site "Internet Chess Club"]
[Date "2008.02.11"]
[Round "3"]
[White "Klondike"]
[Black "scar99"]
[Result "1/2-1/2"]
[WhiteElo "1446"]
[BlackElo "1500"]
[Opening "Scandinavian defense"]
[ECO "B01"]
[Time "12:13:47"]
[TimeControl "2700+45"]

1. e4 d5 2. exd5 Nf6 3. Bb5+ Bd7 4. Bc4 b5 5. Bb3 a5 6. a3 Bg4 7. Nf3 Nxd5 8.
O-O e6 9. c4 bxc4 10. Bxc4 Be7 11. Nc3 c6 12. Nxd5 cxd5 13. Qa4+ Nd7 14. Ne5
dxc4 15. Nxg4 Qc7 16. Rd1 O-O 17. Ne3 Nb6 18. Qc2 Rac8 19. d3 c3 20. b3 Rfd8 21.
Nf1 Bf6 22. Be3 Bd4 23. Bxd4 Rxd4 24. Rac1 Qd6 25. a4 Qa3 26. Ng3 Nd5 27. Ne2
Nb4 28. Qb1 c2 29. Rxc2 Nxc2 30. Rc1 Rdd8 31. Rxc2 Rxc2 32. Qxc2 Qd6 33. Nc1 g6
34. h3 Rd7 35. Kf1 Rc7 36. Qd2 Qc6 37. Ne2 Qc2 38. Qxa5 Qc5 39. Qd2 Rb7 40. Qb2
Qd5 41. Nc1 Qh5 42. Ne2 Qd5 {Game drawn by mutual agreement} 1/2-1/2

[Event "Team 45 45 League T36"]
[Site "Internet Chess Club"]
[Date "2008.02.08"]
[Round "3"]
[White "fredd"]
[Black "Aquaman"]
[Result "1-0"]
[WhiteElo "1575"]
[BlackElo "1394"]
[Opening "Kevitz-Trajkovich defense"]
[ECO "A50"]
[Time "21:07:12"]
[TimeControl "2700+45"]

1. d4 Nf6 2. c4 Nc6 3. Nf3 e6 4. Bg5 h6 5. Bh4 Bb4+ 6. Nc3 g5 7. Bg3 Ne4 8. Qc2
f5 9. a3 Bxc3+ 10. bxc3 Qf6 11. d5 Nxg3 12. hxg3 Na5 13. dxe6 Qxe6 14. Nxg5 Qf6
15. Nf3 Nxc4 16. e3 Ne5 17. Be2 d6 18. Nxe5 Qxe5 19. Bh5+ Ke7 20. O-O Be6 21.
Rfe1 Qg7 22. c4 Qg5 23. Bf3 c6 24. Rab1 Rab8 25. Qa4 a6 26. Qa5 Rhc8 27. Rb4 Kf6
28. Reb1 Qg7 29. Rb6 Qc7 30. Qc3+ Kf7 31. Bh5+ Kg8 32. Qf6 Qe7 33. Qxe7 Bxc4 34.
Rxb7 {Black resigns} 1-0

[Event "Team 45 45 League T36"]
[Site "Internet Chess Club"]
[Date "2008.02.10"]
[Round "3"]
[White "badmove"]
[Black "Mustard"]
[Result "1/2-1/2"]
[WhiteElo "1640"]
[BlackElo "1817"]
[Opening "Vienna game"]
[ECO "C28"]
[Time "09:58:06"]
[TimeControl "2700+45"]

1. e4 e5 2. Nc3 Nc6 3. Bc4 Nf6 4. d3 Be7 5. Nf3 d6 6. O-O Bg4 7. Bg5 Nd4 8. Bxf6
gxf6 9. Kh1 a5 10. a3 c6 11. h3 h5 12. hxg4 Nxf3 13. gxf3 hxg4+ 14. Kg2 gxf3+
15. Qxf3 Rg8+ 16. Kh2 Rh8+ 17. Kg2 Rg8+ {Game drawn by mutual agreement} 1/2-1/2

[Event "Team 45 45 League T36"]
[Site "Internet Chess Club"]
[Date "2008.02.10"]
[Round "3"]
[White "OOB1"]
[Black "BHogan"]
[Result "0-1"]
[WhiteElo "1476"]
[BlackElo "1629"]
[Opening "Sicilian: Smith-Morra gambit"]
[ECO "B21"]
[Time "22:19:59"]
[TimeControl "2700+45"]

1. e4 c5 2. d4 cxd4 3. Qxd4 Nc6 4. Qe3 Nf6 5. Nf3 d5 6. Bd3 Nb4 7. c3 Nxd3+ 8.
Qxd3 Nxe4 9. Nbd2 Bf5 10. Ne5 Qb6 11. Qe2 f6 12. Nef3 e6 13. Nd4 Bg6 14. Qb5+
Qxb5 15. Nxb5 Kd7 16. O-O Nxd2 17. Bxd2 Bd3 18. Nd4 Bxf1 19. Kxf1 Bc5 20. Nf3
Rac8 21. b4 Bd6 22. a3 h5 23. h4 g6 24. Ke2 Rc4 25. g3 Bf8 26. Rc1 a6 27. Kd3 b6
28. Nd4 e5 29. Ne2 Bd6 30. Be3 Kc7 31. f4 a5 32. fxe5 fxe5 33. Bg5 Rf8 34. Ke3
Re4+ 35. Kd2 Rf2 36. Re1 Kc6 37. Kd3 Kb5 38. c4+ Rxc4 39. Nc3+ Kc6 40. b5+ Kb7
41. Nxd5 Rd4+ 42. Ke3 Ra2 43. Ne7 Rxa3+ 44. Kf2 Bxe7 45. Bxe7 Rd2+ 46. Re2 Rxe2+
47. Kxe2 Rxg3 48. Kf2 Rb3 49. Bf6 e4 50. Ke2 a4 51. Kd2 a3 52. Be7 a2 53. Bf6
Rb1 54. Kc2 a1=Q 55. Bxa1 Rxa1 56. Kd2 Rb1 57. Ke3 Rxb5 58. Kxe4 Rc5 59. Kd4 Rc8
60. Ke5 b5 61. Kf6 Rc6+ 62. Ke7 b4 63. Kf7 b3 64. Kg7 b2 65. Kh6 b1=Q 66. Kg5
Qc1# {White checkmated} 0-1

[Event "Team 45 45 League T36"]
[Site "Internet Chess Club"]
[Date "2008.02.09"]
[Round "3"]
[White "nanning"]
[Black "stpatzer"]
[Result "1/2-1/2"]
[WhiteElo "1600"]
[BlackElo "1416"]
[Opening "Sicilian: dragon, 6.Be3"]
[ECO "B76"]
[Time "05:03:37"]
[TimeControl "2700+45"]

1. e4 c5 2. Nf3 d6 3. d4 cxd4 4. Nxd4 Nf6 5. Nc3 g6 6. Be3 Bg7 7. Qd2 O-O 8. f3
Nc6 9. g4 Nd7 10. Nb3 Nde5 11. Be2 Be6 12. O-O-O Rc8 13. Nd5 Qd7 14. h4 f5 15.
exf5 gxf5 16. Bg5 fxg4 17. fxg4 Nxg4 18. Bxg4 Bxg4 19. Rdg1 Kh8 20. Bh6 Rg8 21.
Bxg7+ Rxg7 22. h5 Rcg8 23. Nd4 Bxh5 24. Rxg7 Rxg7 25. Nf4 Nxd4 26. Nxh5 Qc6 27.
Rf1 Qf3 28. Re1 Nxc2 29. Nxg7 Nxe1 30. Qxe1 Kxg7 31. Qxe7+ Kg8 32. Qg5+ Kf8 33.
Qd8+ Kf7 34. Qd7+ Kg8 35. Qd8+ Qf8 36. Qg5+ Kh8 37. Qh4 Qf1+ 38. Kc2 Qe2+ 39.
Kb3 Qf3+ 40. Kc2 Qf5+ 41. Kc3 {Game drawn by mutual agreement} 1/2-1/2

[Event "Team 45 45 League T36"]
[Site "Internet Chess Club"]
[Date "2008.02.10"]
[Round "3"]
[White "Mfalme"]
[Black "ElectricBishop"]
[Result "0-1"]
[WhiteElo "1300"]
[BlackElo "1799"]
[Opening "Bird's opening"]
[ECO "A03"]
[Time "09:56:47"]
[TimeControl "2700+45"]

1. f4 d5 2. e3 g6 3. Nf3 c5 4. Be2 Bg7 5. O-O Nf6 6. c3 Bf5 7. Qa4+ Nbd7 8. Nh4
Bg4 9. Bxg4 Nxg4 10. Nf3 O-O 11. d4 Nb6 12. Qd1 Nc4 13. Qe2 Qb6 14. Ne5 Ngxe5
15. fxe5 cxd4 16. exd4 Nxe5 17. Kh1 Nc6 18. Nd2 a5 19. Nb3 Qa7 20. Qf3 Rad8 21.
Nc5 b6 22. Na4 b5 23. Nc5 Bxd4 24. cxd4 Nxd4 25. Qf2 Qxc5 26. Be3 e5 27. Rac1
Qe7 28. Rfe1 Nf5 29. Bc5 Nd6 30. Qe2 Rfe8 31. Bxd6 Qxd6 32. Qxb5 Qb4 33. Qe2 Qb6
34. Rc2 d4 35. Qd1 d3 36. Rd2 e4 37. b3 Qd4 38. h3 e3 {White resigns} 0-1